 Dungeon Crawl Stone Soup version 0.30-a0-43-gbbf338a72c (webtiles) character file.

Game seed: 8319795697633473924

56 QueenGhuleh the Chopper (level 3, -1/33 HPs)
             Began as a Minotaur Cinder Acolyte on Aug 30, 2022.
             Was a High Priest of Ignis.
             Slain by an orc priest
             ... wielding a +0 dagger
              (2 damage)
             ... on level 2 of the Dungeon on Aug 31, 2022.
             The game lasted 00:03:00 (982 turns).

QueenGhuleh the Chopper (Minotaur Cinder Acolyte)    Turns: 982, Time: 00:03:01

Health: -1/33      AC: 13    Str: 20    XL:     3   Next: 69%
Magic:  3/3        EV:  9    Int: 11    God:    Ignis [*****.]
Gold:   67         SH:  0    Dex:  5    Spells: 4/4 levels left

rFire   + . .      SeeInvis .    a - -1 hand axe (flame)
rCold   . . .      Faith    .    (no shield)
rNeg    . . .      Spirit   .    k - +0 scale mail
rPois   .          Reflect  .    (helmet restricted)
rElec   .          Harm     .    (no cloak)
rCorr   .          Rampage  .    (no gloves)
Will    .....                    (no boots)
Stlth   ..........               (no amulet)
HPRegen 0.11/turn                (no ring)
MPRegen 0.08/turn                (no ring)

@: fiery-armoured
A: horns 2, retaliatory headbutt
a: Renounce Religion, Fiery Armour, Foxfire Swarm, Rising Flame


You were on level 2 of the Dungeon.
You worshipped Ignis.
Ignis was extremely pleased with you.
You visited 1 branch of the dungeon, and saw 2 of its levels.

You collected 67 gold pieces.

Inventory:

Hand Weapons
 a - a -1 hand axe of flaming (weapon)
Armour
 k - a +0 scale mail (worn)
Scrolls
 c - 4 scrolls of identify {unknown}
 f - 3 scrolls of vulnerability {unknown}
 h - 3 scrolls of noise {unknown}
 l - a scroll of torment {unknown}
 m - a scroll of summoning {unknown}
Potions
 b - a potion of attraction {unknown}
 d - 2 potions of curing {unknown}
 e - a potion of cancellation {unknown}
 g - a potion of mutation {unknown}
 i - a potion of magic {unknown}
 j - a potion of invisibility {unknown}


   Skills:
 + Level 4.2 Fighting
 + Level 4.3 Axes
 + Level 0.4 Armour
 + Level 0.1 Dodging
 + Level 0.1 Stealth
 + Level 1.0 Spellcasting
 + Level 2.7 Fire Magic


You had 4 spell levels left.
You didn't know any spells.
Your spell library contained the following spells:

 Spells                   Type           Power      Damage    Failure   Level
 Scorch                   Fire           12%        2d5       43%         2


Dungeon Overview and Level Annotations

Branches:
Dungeon (2/15)

Altars:


Innate Abilities, Weirdness & Mutations

You have a pair of horns on your head.
You reflexively headbutt those who attack you in melee.


Message History

You are too injured to fight recklessly!
You are too injured to fight recklessly!
You are too injured to fight recklessly!
A protective cloak of flame settles atop you.
The orc hits you with a +0 club.
The orc is burned by your cloak of flames.
You kill the orc!
The orc hits you but does no damage. The orc closely misses you.
You are too injured to fight recklessly!
You hit the orc. You burn the orc.
The orc is moderately wounded.
You hit the orc. You burn the orc. You barely miss the orc.
The orc hits you with a +0 club.
The orc is burned by your cloak of flames.
The orc is severely wounded.
The orc closely misses you. You furiously retaliate!
You headbutt the orc!
You kill the orc!
The orc misses you.
You hit the orc. You burn the orc.
The orc is severely wounded.
You barely miss the orc. The orc barely misses you. x2
You furiously retaliate!
You headbutt the orc!
You kill the orc!
The orc barely misses you.
Things that are here:
a +0 whip; a +0 scale mail The orc priest looks satisfied for a moment.
You closely miss the orc.
The orc is severely wounded.
The orc hits you but does no damage.
The orc is burned by your cloak of flames.
You kill the orc!
The orc priest mumbles some strange prayers to Beogh against you.
Beogh smites you!
* * * LOW HITPOINT WARNING * * *
Things that are here:
a +0 club; a +0 whip; a +0 scale mail You closely miss the orc priest.
The orc priest hits you with a +0 dagger.
You die...

### .. .# #.. .#
#..# .#
#..####.###.
####..)).......
.......o...#
####.##@..!# #.#
#.##....####.#
#.#
#.##......!..#
#.#
##.##.....#####
#.#
###...#..#......
#.#
#.........#.###.#
#.# #.#...#.#.#>#
#.# #.##.##.#.#$#
#.#####.#####.#.#
#


You could see an orc priest.

Vanquished Creatures
  A gnoll (D:1)
  2 dart slugs (D:1)
  4 orcs (D:2)
  3 bats (D:1)
  5 endoplasms (D:1)
  2 giant cockroaches (D:1)
  4 goblins (D:1)
  A hobgoblin (D:1)
  2 jackals (D:1)
  A kobold (D:1)
  2 quokkas
  A ball python (D:1)
  2 frilled lizards (D:1)
  4 rats (D:1)
34 creatures vanquished.

Vanquished Creatures (others)
  A fungus (D:1)
1 creature vanquished.

Grand Total: 35 creatures vanquished

Notes
Turn   | Place    | Note
-------+----------+-------------------------------------------
     0 | D:1      | QueenGhuleh the Minotaur Cinder Acolyte began the quest for
                  | the Orb.
     0 | D:1      | Reached XP level 1. HP: 19/19 MP: 1/1
    19 | D:1      | Upgraded the game from 0.30-a0-42-g806c11bf1d to
                  | 0.30-a0-43-gbbf338a72c
   177 | D:1      | Reached XP level 2. HP: 27/27 MP: 2/2
   404 | D:1      | Found a faded altar of an unknown god.
   475 | D:1      | Reached XP level 3. HP: 28/33 MP: 3/3
   981 | D:2      | HP: 1/33 [orc priest/divine providence (12)]
   982 | D:2      | Slain by an orc priest

Illustrated notes

Levels and vault maps discovered:
D:1:      erik_arrival_orb_chamber, layout_basic,
          shapermc_ecumenical_altar_acropolis, amcnicky_mini_pool_small,
          minmay_small_reverse_x
D:2:      minmay_wonky_spiral, layout_loops_ring, basic_altar

Skill      XL: |  1  2 |
---------------+-------+-----
Fighting       | 4 |  4.2
Axes           | 4 |  4.3
Armour         | |  0.4
Dodging        | |  0.1
Stealth        | |  0.1
Spellcasting   | |  1.0
Fire Magic     | |  2.7

Action                   || total
-------------------------++-------
Melee: Hand axe          ||    67
       Headbutt          ||     6
       Punch             ||     1
Invok: Fiery Armour      ||     1
Armor: Ring mail         ||     3
       Robe              ||     1
       Scale mail        ||    28
Dodge: Dodged            ||    41

Table legend: (Time is in decaauts)
 A = Elapsed time spent in this place.
 B = Non-inter-level travel time spent in this place.
 C = Inter-level travel time spent in this place.
 D = Time resting spent in this place.
 E = Time spent auto-exploring this place.
 F = Levels seen in this place.
 G = Mean time per level.
                   A        B        C        D        E       F      G
               +--------+--------+--------+--------+--------+-----+--------+
         Total |    990 |    945 |     45 |      0 |    729 |   2 |  495.0 |
       Dungeon |    990 |    945 |     45 |      0 |    729 |   2 |  495.0 |
               +--------+--------+--------+--------+--------+-----+--------+

Top non-repeatable levels by time:
     D:1: 951 daAuts
     D:2: 39 daAuts
